Map: Frozen Temple

Players

MagicPT - Winner!

  • Race: Protoss Protoss
  • League: Master

Miszu

  • Race: Terran Terran
  • League: Master

VOD

Have the link to the VOD?

Description

Time

  • Played on: June 26, 2016, 8:29 a.m.
  • Length: 5:36
Show
View Real Time Build Order
Export as new Build Order

MagicPT Protoss - Winner!

Build Orders:  

Get SALT Encoding   

  12  0:02  Probe (Chrono Boost)  
  13  0:12  Probe (Chrono Boost)  
  14  0:21  Pylon  
  14  0:25  Probe (Chrono Boost)  
  15  0:40  Probe (Chrono Boost)  
  16  0:43  Gateway  
  16  0:50  Probe (Chrono Boost)  
  17  1:02  Assimilator  
  17  1:07  Probe (Chrono Boost)  
  17  1:09  Gateway  
  18  1:17  Probe (Chrono Boost)  
  19  1:28  Probe (Chrono Boost)  
  20  1:34  Cybernetics Core  
  20  1:38  Probe (Chrono Boost)  
  21  1:47  Pylon  
  21  1:49  Zealot (Chrono Boost), Probe (Chrono Boost)  
  25  2:16  Stalker (Chrono Boost)  
  25  2:17  Pylon  
  25  2:19  Stalker (Chrono Boost)  
  16  2:52  Mothership Core  
  18  3:02  Zealot (Chrono Boost)  
  17  3:22  Probe  
  17  3:25  Stalker (Chrono Boost)  
  18  3:40  Stalker (Chrono Boost)  
  18  3:47  Probe  
  17  3:59  Probe  
  18  4:13  Probe  
  18  4:15  Stalker (Chrono Boost)  
  21  4:25  Probe  
  22  4:37  Probe  
  23  4:43  Pylon  
  23  5:01  Probe  
  17  5:20  Pylon  
Show
View Real Time Build Order
Export as new Build Order

Miszu Terran 

Build Orders:  

Get SALT Encoding   

  12  0:01  SCV  
  13  0:13  SCV  
  14  0:18  Supply Depot  
  14  0:27  SCV  
  15  0:40  Barracks  
  15  0:52  Barracks  
  15  1:06  Barracks  
  15  1:27  Marine  
  15  1:28  Barracks  
  16  1:40  Supply Depot  
  16  1:41  Marine  
  16  1:45  Marine  
  18  1:59  Marine x2  
  20  2:03  Marine  
  20  2:17  Marine x2  
  20  2:20  Marine  
  23  2:28  Marine  
  22  2:34  Marine x2  
  24  2:38  Marine  
  25  2:46  Marine  
  21  2:52  Marine x2  
  21  2:56  Marine  
  23  3:03  Marine  
  23  3:10  Marine x2  
  24  3:14  Marine  
  20  3:21  Marine  
  20  3:28  Marine x2  
  20  3:32  Marine  
  21  3:39  Marine  
  19  3:46  Marine x2  
  21  3:49  Marine  
  22  3:57  Marine  
  21  4:03  Marine  
  21  4:04  Marine  
  21  4:07  Marine  
  22  4:15  Marine  
  20  4:21  Marine x2  
  22  4:25  Marine  
  21  4:32  Marine  
  21  4:39  Marine  
Tags
 
Add a new tag
Caveats
  • Supply blocks, unpowered buildings, or Contaminate may cause inaccurate times.
  • Supply counts are checked every 10 seconds.